cohdb
Replays
Latest Replays
All Replays
Popular Replays
Top Player Replays
Match Explorer
How It Works
Community
CoH3 Stats
Reddit
Sign in to upload your games and track your stats! →
Sign in with Steam
Match 40573870
Unlisted
Match 40573870
Overview
Messages
Build Orders
End
Construct Infanterie Kompanie
MG 42 Machine Gun Team
Grenadier Squad
Grenadier Squad
GrW 34 Mortar Team
Construct Panzergrenadier Kompanie
Medical Bunker
Panzergrenadier Squad
Support Elements
StuG III G Assault Gun
Kettenkrad Recon Vehicle
StuG III G Assault Gun
Pioneer Squad
Nebelwerfer 42 Rocket Launcher Team
Panzergrenadier Officer Quarters
Side Skirts
Construct Luftwaffe Kompanie
Selects Terror Battlegroup
Selects Machine Gun Camouflage
Selects No Quarter
Luftwaffe Officer Quarters
Medical Bunker
Kettenkrad Recon Vehicle
Selects King Tiger Heavy Tank
Pioneer Squad
Selects Contempt for the Weak
King Tiger Heavy Tank
Pak 40 Anti-tank Gun Team
StuG III G Assault Gun
Medical Bunker
Jäger Squad
Jäger Squad
Ein Proto Typ
Aveluk
jack.lee
Aprosarmosto
Enkuiry
azur
DeXu
BIGFAN
0
0
Comments
sign in to comment!
No comments posted yet!